 Dungeon Crawl Stone Soup version 0.27.1-1-g398f81649c (webtiles) character file.

Game seed: 6692684362868802098

9 H0rd4k the Insei (level 2, 0/18 HPs)
             Began as an Octopode Transmuter on Sept 10, 2021.
             Slain by a jackal (3 damage)
             ... on level 1 of the Dungeon.
             The game lasted 00:00:26 (140 turns).

H0rd4k the Insei (Octopode Transmuter)               Turns: 140, Time: 00:00:27

Health: 0/18       AC:  1    Str:  9    XL:     2   Next: 12%
Magic:  4/5        EV: 13    Int: 15    God:
Gold:   15         SH:  0    Dex: 12    Spells: 4/5 levels left

rFire    . . .     SeeInvis .     - Unarmed
rCold    . . .     Faith    .   (no shield)
rNeg     . . .     Spirit   .   (helmet currently unavailable)
rPois    .         Reflect  .   (no amulet)
rElec    .         Harm     .   (no ring)
rCorr    .         Rampage  .   (no ring)
Will     .....                  (no ring)
Stlth    ++........             (no ring)
HPRegen  0.06/turn              (no ring)
MPRegen  0.09/turn              (no ring)
                                (no ring)
                                (no ring)

@: appendages
A: tentacle spike 3, almost no armour, amphibious, 8 rings, camouflage 1,
gelatinous body 1, (nimble swimmer 1), tentacles
a: End Transformation


You were on level 1 of the Dungeon.
One of your tentacles had grown a beastly spike.
You visited 1 branch of the dungeon, and saw 1 of its levels.

You collected 15 gold pieces.

Inventory:

Potions
 a - a potion of haste {unknown}


   Skills:
 + Level 1.0 Fighting
 + Level 2.0 Dodging
 + Level 3.2 Unarmed Combat
 * Level 2.0 Spellcasting
 * Level 2.4 Transmutations


You had 4 spell levels left.
You knew the following spells:

 Your Spells              Type           Power      Damage    Failure   Level
a - Beastly Appendage     Tmut           16%        N/A       9%          1

Your spell library contained the following spells:

 Spells                   Type           Power      Damage    Failure   Level
 Wereblood                Tmut           8%         N/A       12%         2
 Spider Form              Tmut/Pois      2%         N/A       38%         3
 Dazzling Flash           Conj/Hex       2%         N/A       54%         3
 Ice Form                 Ice/Tmut       5%         N/A       80%         4
 Agony                    Necr           1%         N/A       99%         5
 Silence                  Hex/Air        0%         N/A       99%         5


Dungeon Overview and Level Annotations

Branches:
Dungeon (1/15)

Altars:


Innate Abilities, Weirdness & Mutations

One of your tentacles has grown a beastly spike.
You cannot wear most types of armour.
You are amphibious.
You can wear up to eight rings at the same time.
Your skin changes colour to match your surroundings (Stealth+).
Your rubbery body absorbs attacks. (AC +1, EV +1)
((You are camouflaged near water. (Stealth+)))
You have tentacles for arms and can constrict up to eight enemies at once.


Message History

You tentacle-slap the jackal but do no damage.
The jackal is moderately wounded.
You constrict the jackal. The jackal bites you. The jackal misses you.
You barely miss the jackal.
The jackal is heavily wounded.
You constrict the jackal.
A jackal comes into view.
The jackal closely misses you.
You barely miss the jackal.
The jackal barks!
You squeeze the jackal, but do no damage.
The jackal is almost dead.
You constrict the jackal.
You kill the jackal!
You tentacle-slap the jackal. You grab the jackal.
The jackal is almost dead.
You constrict the jackal, but do no damage.
The jackal bites you.
* * * LOW HITPOINT WARNING * * *
The jackal bites you.
* * * LOW HITPOINT WARNING * * *
You tentacle-slap the jackal.
You kill the jackal!
A jackal comes into view.
You have reached level 2!
Casting: Beastly Appendage (safe; 9% risk of failure)
Confirm with . or Enter, or press ? or * to list all spells.
One of your tentacles grows a vicious spike.
The jackal barks!
The jackal closely misses you.
You closely miss the jackal. You grab the jackal. You squeeze the jackal.
You kill the jackal!
The jackal closely misses you.
You closely miss the jackal. You grab the jackal. You squeeze the jackal.
The jackal is lightly wounded.
You constrict the jackal. The jackal misses you.
You tentacle-slap the jackal but do no damage.
The jackal is moderately wounded.
You constrict the jackal. The jackal bites you.
You die...

#.........###
...
##.......##
...#.
##.....##
....# ##...##
#...# ##.##
..h.# #.#
#...# #.#
....#
#.#####...#
#.@h......#
########.#..#
#


You could see a jackal.

Vanquished Creatures
  An endoplasm (D:1)
  5 jackals (D:1)
  A kobold (D:1)
7 creatures vanquished.

Notes
Turn   | Place    | Note
-------+----------+-------------------------------------------
     0 | D:1      | H0rd4k the Octopode Transmuter began the quest for the Orb.
     0 | D:1      | Reached XP level 1. HP: 13/13 MP: 3/3
   135 | D:1      | Reached XP level 2. HP: 3/18 MP: 5/5
   140 | D:1      | Slain by a jackal

Illustrated notes

Levels and vault maps discovered:
D:1:      minmay_arrival_up_and_down, layout_loops_ring, st_stairs_9,
          hangedman_decor_peaks_small, nrook_loot_triangle

Action                   || total
-------------------------++-------
Melee: Unarmed           ||    18
       Constrict         ||     6
       Tentacles         ||     4
 Cast: Beastly Appendage ||     1
 Stab: Sleeping          ||     1
Armor: Skin              ||     1
Dodge: Dodged            ||     9
